TOP OF THE 1ST |
Niagara Falls Phantoms batting - Pitching for Hamilton Cardinals : RHP Rafael Montano
|
Pitching: RHP Rafael Montano
|
|
Batting: SHB Edwin Dominguez
|
0-0: Called Strike 0-1: Called Strike 0-2: Fly out, F6 (Popup, 6, EV 65.6 MPH)
|
Batting: SHB Mukhtar Wa'il
|
0-0: Foul Ball, location: 2F 0-1: TRIPLE (Flyball, 89XD, EV 109.4 MPH)
|
Batting: RHB Devon Utley
|
0-0: Ball 1-0: Ball 2-0: Ball 3-0: Base on Balls
|
Batting: LHB Jose Lebron
|
0-0: Ball Devon Utley steals 2nd base 1-0: Swinging Strike 1-1: Swinging Strike 1-2: Ball 2-2: Strikes out swinging
|
Batting: RHB Alex Colon
|
0-0: Swinging Strike 0-1: Foul Ball, location: 2F 0-2: Strikes out looking
|
Top of the 1st over - 0 runs, 1 hit, 0 errors, 2 left on base; Niagara Falls 0 - Hamilton 0 |
BOTTOM OF THE 1ST |
Hamilton Cardinals batting - Pitching for Niagara Falls Phantoms : LHP Omar Quinones
|
Pitching: LHP Omar Quinones
|
|
Batting: RHB Nick Latulippe
|
0-0: Ball 1-0: Ball 2-0: SINGLE (Line Drive, 8RS, EV 101.3 MPH)
|
Batting: RHB Tyler Walker
|
0-0: Swinging Strike 0-1: Swinging Strike 0-2: Strikes out swinging
|
Batting: LHB Travis Ruppel
|
0-0: Ball Nick Latulippe steals 2nd base 1-0: Called Strike 1-1: Ball 2-1: Foul Ball, location: 2F 2-2: SINGLE (Groundball, 34D, EV 98.8 MPH) Nick Latulippe to third Throwing error, E9 Nick Latulippe scores Travis Ruppel to second
|
Batting: RHB Chris LaReau
|
0-0: Ball 1-0: Ball 2-0: Foul Ball, location: 2F 2-1: Ground out 4-3 (Groundball, 4, EV 81.9 MPH) Travis Ruppel to third
|
Batting: RHB Richard Riggs
|
0-0: Ball 1-0: Foul Ball, location: 2F 1-1: Ball 2-1: Ground out 6-3 (Groundball, 6D, EV 105.0 MPH)
|
Bottom of the 1st over - 1 run, 2 hits, 1 error, 1 left on base; Niagara Falls 0 - Hamilton 1 |
TOP OF THE 2ND |
Niagara Falls Phantoms batting - Pitching for Hamilton Cardinals : RHP Rafael Montano
|
Batting: LHB Bart Davies
|
0-0: Called Strike 0-1: Called Strike 0-2: Foul Ball, location: 2F 0-2: Strikes out swinging
|
Batting: RHB Nazeeh Zubair
|
0-0: Ball 1-0: Foul Ball, location: 2F 1-1: Called Strike 1-2: Ball 2-2: Ball 3-2: Foul Ball, location: 2F 3-2: Strikes out looking
|
Batting: RHB John Sprenkel
|
0-0: Ball 1-0: DOUBLE (Line Drive, 5D, EV 101.9 MPH)
|
Batting: RHB Ben Kidder
|
0-0: Called Strike 0-1: Ball 1-1: Ball 2-1: Swinging Strike 2-2: Strikes out swinging
|
Top of the 2nd over - 0 runs, 1 hit, 0 errors, 1 left on base; Niagara Falls 0 - Hamilton 1 |
BOTTOM OF THE 2ND |
Hamilton Cardinals batting - Pitching for Niagara Falls Phantoms : LHP Omar Quinones
|
Batting: RHB Bernard Claude
|
0-0: Ball 1-0: SINGLE (Line Drive, 8RS, EV 110.6 MPH)
|
Batting: RHB Julio Sandoval
|
0-0: Ball 1-0: Fly out, F4 (Popup, 3D, EV 60.0 MPH)
|
Batting: LHB Ivan Cortez
|
0-0: Ball 1-0: Ball 2-0: Fielders Choice at 2nd, 4-6 (Groundball, 4, EV 106.9 MPH)
|
Batting: RHB Bobby Miles
|
0-0: Ball 1-0: Ball 2-0: Called Strike 2-1: Foul Ball, location: 2F 2-2: Ball 3-2: Fly out, F7 (Flyball, 78M, EV 78.1 MPH)
|
Bottom of the 2nd over - 0 runs, 1 hit, 0 errors, 1 left on base; Niagara Falls 0 - Hamilton 1 |
TOP OF THE 3RD |
Niagara Falls Phantoms batting - Pitching for Hamilton Cardinals : RHP Rafael Montano
|
Batting: SHB Edwin Dominguez
|
0-0: Foul Ball, location: 2F 0-1: Swinging Strike 0-2: Ground out 5-3 (Groundball, 56, EV 87.5 MPH)
|
Batting: SHB Mukhtar Wa'il
|
0-0: Called Strike 0-1: Swinging Strike 0-2: Strikes out swinging
|
Batting: RHB Devon Utley
|
0-0: Ball 1-0: Called Strike 1-1: Foul Ball, location: 2F 1-2: Foul Ball, location: 2F 1-2: Ball 2-2: Ball 3-2: Foul Ball, location: 2F 3-2: Foul Ball, location: 2F 3-2: Foul Ball, location: 2F 3-2: Strikes out looking
|
Top of the 3rd over - 0 runs, 0 hits, 0 errors, 0 left on base; Niagara Falls 0 - Hamilton 1 |
BOTTOM OF THE 3RD |
Hamilton Cardinals batting - Pitching for Niagara Falls Phantoms : LHP Omar Quinones
|
Batting: RHB Nick Latulippe
|
0-0: Called Strike 0-1: Swinging Strike 0-2: Ball 1-2: Ball 2-2: Foul Ball, location: 2F 2-2: Foul Ball, location: 2F 2-2: Foul Ball, location: 2F 2-2: Foul Ball, location: 2F 2-2: Foul Ball, location: 2F 2-2: Fly out, F9 (Flyball, 9, EV 93.1 MPH)
|
Batting: RHB Tyler Walker
|
0-0: Called Strike 0-1: Ball 1-1: Ball 2-1: SINGLE (Line Drive, 4D, EV 95.6 MPH)
|
Batting: LHB Travis Ruppel
|
0-0: Ball 1-0: Called Strike 1-1: Ball 2-1: Foul Ball, location: 2F 2-2: Ball 3-2: Base on Balls Tyler Walker to second
|
Batting: RHB Chris LaReau
|
0-0: Called Strike 0-1: Swinging Strike 0-2: Strikes out swinging
|
Batting: RHB Richard Riggs
|
0-0: Called Strike 0-1: Ball 1-1: Called Strike 1-2: Fielders Choice at 2nd, 5-4 (Groundball, 5L, EV 86.3 MPH)
|
Bottom of the 3rd over - 0 runs, 1 hit, 0 errors, 2 left on base; Niagara Falls 0 - Hamilton 1 |
TOP OF THE 4TH |
Niagara Falls Phantoms batting - Pitching for Hamilton Cardinals : RHP Rafael Montano
|
Batting: LHB Jose Lebron
|
0-0: Swinging Strike 0-1: Foul Ball, location: 2F 0-2: Strikes out swinging, 2-3 out at first.
|
Batting: RHB Alex Colon
|
0-0: Ball 1-0: Foul Ball, location: 2F 1-1: Called Strike 1-2: Strikes out swinging
|
Batting: LHB Bart Davies
|
0-0: Called Strike 0-1: Ball 1-1: Swinging Strike 1-2: Ball 2-2: Ball 3-2: SINGLE (Groundball, 3D, EV 94.4 MPH)
|
Batting: RHB Nazeeh Zubair
|
0-0: Foul Ball, location: 2F 0-1: Foul Ball, location: 2F 0-2: Strikes out looking
|
Top of the 4th over - 0 runs, 1 hit, 0 errors, 1 left on base; Niagara Falls 0 - Hamilton 1 |
BOTTOM OF THE 4TH |
Hamilton Cardinals batting - Pitching for Niagara Falls Phantoms : LHP Omar Quinones
|
Batting: RHB Bernard Claude
|
0-0: Ball 1-0: Foul Ball, location: 2F 1-1: Called Strike 1-2: Strikes out looking
|
Batting: RHB Julio Sandoval
|
0-0: Called Strike 0-1: Foul Ball, location: 2F 0-2: Strikes out swinging
|
Batting: LHB Ivan Cortez
|
0-0: Ball 1-0: Swinging Strike 1-1: Swinging Strike 1-2: Ball 2-2: Strikes out swinging
|
Bottom of the 4th over - 0 runs, 0 hits, 0 errors, 0 left on base; Niagara Falls 0 - Hamilton 1 |
TOP OF THE 5TH |
Niagara Falls Phantoms batting - Pitching for Hamilton Cardinals : RHP Rafael Montano
|
Batting: RHB John Sprenkel
|
0-0: Ball 1-0: Ball 2-0: Called Strike 2-1: DOUBLE (Flyball, 8LD, EV 99.4 MPH)
|
Batting: RHB Ben Kidder
|
0-0: Foul Ball, location: 2F 0-1: Foul Ball, location: 2F 0-2: Strikes out looking
|
Batting: SHB Edwin Dominguez
|
0-0: Called Strike 0-1: Fly out, F9 (Flyball, 89D, EV 90.6 MPH) Runner from 2nd tags up, SAFE at 3rd, no throw by RF
|
Batting: SHB Mukhtar Wa'il
|
0-0: Ball 1-0: Ball 2-0: Called Strike 2-1: Foul Ball, location: 2F 2-2: Foul Ball, location: 2F 2-2: Strikes out swinging
|
Top of the 5th over - 0 runs, 1 hit, 0 errors, 1 left on base; Niagara Falls 0 - Hamilton 1 |
BOTTOM OF THE 5TH |
Hamilton Cardinals batting - Pitching for Niagara Falls Phantoms : LHP Omar Quinones
|
Batting: RHB Bobby Miles
|
0-0: Called Strike 0-1: Foul Ball, location: 2F 0-2: Ball 1-2: Foul Ball, location: 2F 1-2: Ball 2-2: Foul Ball, location: 2F 2-2: Strikes out looking
|
Pitching: LHP Ron Cooper
|
|
Batting: RHB Nick Latulippe
|
0-0: Ball 1-0: Called Strike 1-1: Swinging Strike 1-2: Strikes out swinging
|
Batting: RHB Tyler Walker
|
0-0: Foul Ball, location: 2F 0-1: Ball 1-1: Ball 2-1: Foul Ball, location: 2F 2-2: Foul Ball, location: 2F 2-2: Foul Ball, location: 2F 2-2: Ball 3-2: Foul Ball, location: 2F 3-2: SINGLE (Line Drive, 78M, EV 113.8 MPH)
|
Batting: LHB Travis Ruppel
|
0-0: 2-RUN HOME RUN (Flyball, 78XD, EV 99.4 MPH), Distance : 408 ft
|
Batting: RHB Chris LaReau
|
0-0: Ground out 4-3 (Groundball, 4, EV 82.5 MPH)
|
Bottom of the 5th over - 2 runs, 2 hits, 0 errors, 0 left on base; Niagara Falls 0 - Hamilton 3 |
TOP OF THE 6TH |
Niagara Falls Phantoms batting - Pitching for Hamilton Cardinals : RHP Rafael Montano
|
Pitching: LHP Andy Fitzsimmons
|
|
Batting: RHB Devon Utley
|
0-0: Foul Ball, location: 2F 0-1: Ball 1-1: Ball 2-1: Ball 3-1: SOLO HOME RUN (Flyball, 9D, EV 97.5 MPH), Distance : 381 ft
|
Batting: LHB Jose Lebron
|
0-0: Called Strike 0-1: Swinging Strike 0-2: Strikes out swinging
|
Batting: RHB Alex Colon
|
0-0: Ball 1-0: Ball 2-0: SINGLE (Line Drive, 6MD, EV 96.3 MPH)
|
Batting: LHB Bart Davies
|
0-0: Ball 1-0: Foul Ball, location: 2F 1-1: Grounds into double play, 4-6-3 (Groundball, 4, EV 84.4 MPH)
|
Top of the 6th over - 1 run, 2 hits, 0 errors, 0 left on base; Niagara Falls 1 - Hamilton 3 |
BOTTOM OF THE 6TH |
Hamilton Cardinals batting - Pitching for Niagara Falls Phantoms : LHP Ron Cooper
|
Batting: RHB Richard Riggs
|
0-0: Ball 1-0: Swinging Strike 1-1: Ball 2-1: Foul Ball, location: 2F 2-2: Strikes out swinging
|
Batting: RHB Bernard Claude
|
0-0: Ball 1-0: Foul Ball, location: 2F 1-1: Swinging Strike 1-2: Foul Ball, location: 2F 1-2: Ball 2-2: Ball 3-2: Strikes out swinging
|
Batting: RHB Julio Sandoval
|
0-0: Called Strike 0-1: Swinging Strike 0-2: Foul Ball, location: 2F 0-2: Ball 1-2: Foul Ball, location: 2F 1-2: Ball 2-2: Ball 3-2: Foul Ball, location: 2F 3-2: Strikes out swinging
|
Bottom of the 6th over - 0 runs, 0 hits, 0 errors, 0 left on base; Niagara Falls 1 - Hamilton 3 |
TOP OF THE 7TH |
Niagara Falls Phantoms batting - Pitching for Hamilton Cardinals : LHP Andy Fitzsimmons
|
Pitching: RHP Jeremy Bonita
|
|
Batting: RHB Nazeeh Zubair
|
0-0: Ball 1-0: Foul Ball, location: 2F 1-1: Foul Ball, location: 2F 1-2: Strikes out swinging
|
Batting: RHB John Sprenkel
|
0-0: Foul Ball, location: 2F 0-1: Swinging Strike 0-2: Ball 1-2: Ground out 1-3 (Groundball, 15S, EV 69.4 MPH)
|
Batting: RHB Ben Kidder
|
0-0: Called Strike 0-1: Foul Ball, location: 2F 0-2: Ball 1-2: Ball 2-2: Foul Ball, location: 2F 2-2: Foul Ball, location: 2F 2-2: Fly out, F9 (Flyball, 9LS, EV 85.0 MPH)
|
Top of the 7th over - 0 runs, 0 hits, 0 errors, 0 left on base; Niagara Falls 1 - Hamilton 3 |
BOTTOM OF THE 7TH |
Hamilton Cardinals batting - Pitching for Niagara Falls Phantoms : LHP Ron Cooper
|
Pitching: RHP Bobby Mott
|
|
Batting: LHB Ivan Cortez
|
0-0: Ball 1-0: Called Strike 1-1: Foul Ball, location: 2F 1-2: Foul Ball, location: 2F 1-2: Foul Ball, location: 2F 1-2: Ball 2-2: Strikes out swinging
|
Batting: RHB Bobby Miles
|
0-0: Swinging Strike 0-1: Ball 1-1: Swinging Strike 1-2: Strikes out swinging
|
Batting: RHB Nick Latulippe
|
0-0: Called Strike 0-1: Fly out, F3 (Popup, 3F, EV 70.6 MPH)
|
Bottom of the 7th over - 0 runs, 0 hits, 0 errors, 0 left on base; Niagara Falls 1 - Hamilton 3 |
TOP OF THE 8TH |
Niagara Falls Phantoms batting - Pitching for Hamilton Cardinals : RHP Jeremy Bonita
|
Pitching: RHP Jason Meade
|
|
Batting: SHB Edwin Dominguez
|
0-0: Fly out, F7 (Flyball, 78S, EV 93.1 MPH)
|
Batting: SHB Mukhtar Wa'il
|
0-0: Called Strike 0-1: Ball 1-1: Foul Ball, location: 2F 1-2: Ball 2-2: Fly out, F6 (Popup, 6M, EV 73.8 MPH)
|
Batting: RHB Devon Utley
|
0-0: Called Strike 0-1: Foul Ball, location: 2F 0-2: Strikes out swinging
|
Top of the 8th over - 0 runs, 0 hits, 0 errors, 0 left on base; Niagara Falls 1 - Hamilton 3 |
BOTTOM OF THE 8TH |
Hamilton Cardinals batting - Pitching for Niagara Falls Phantoms : RHP Bobby Mott
|
Batting: RHB Tyler Walker
|
0-0: Foul Ball, location: 2F 0-1: Ball 1-1: Fly out, F3 (Popup, 3, EV 82.5 MPH)
|
Batting: LHB Travis Ruppel
|
0-0: Hit by Pitch
|
Batting: RHB Chris LaReau
|
0-0: Ball 1-0: Swinging Strike 1-1: Ball 2-1: Foul Ball, location: 2F 2-2: Ball 3-2: 2-RUN HOME RUN (Flyball, 7D, EV 96.9 MPH), Distance : 351 ft
|
Batting: RHB Richard Riggs
|
0-0: Ball 1-0: Ball 2-0: Ball 3-0: Base on Balls
|
Batting: RHB Bernard Claude
|
0-0: Ball 1-0: Ball 2-0: Called Strike 2-1: Ball 3-1: Base on Balls Richard Riggs to second
|
Batting: RHB Julio Sandoval
|
0-0: Called Strike 0-1: Foul Ball, location: 2F 0-2: Ball 1-2: Ball 2-2: Ball 3-2: Strikes out swinging
|
Pitching: LHP George Grady
|
|
Batting: LHB Ivan Cortez
|
0-0: Ball 1-0: Foul Ball, location: 2F 1-1: Ball 2-1: Swinging Strike 2-2: Foul Ball, location: 2F 2-2: Strikes out swinging
|
Bottom of the 8th over - 2 runs, 1 hit, 0 errors, 2 left on base; Niagara Falls 1 - Hamilton 5 |
TOP OF THE 9TH |
Niagara Falls Phantoms batting - Pitching for Hamilton Cardinals : RHP Jason Meade
|
Batting: LHB Jose Lebron
|
0-0: Called Strike 0-1: Foul Ball, location: 2F 0-2: Foul Ball, location: 2F 0-2: Ball 1-2: Ball 2-2: Strikes out swinging
|
Batting: RHB Alex Colon
|
0-0: Ground out 3-1 (Groundball, 34S, EV 82.5 MPH)
|
Batting: LHB Bart Davies
|
0-0: Ball 1-0: Foul Ball, location: 2F 1-1: Ball 2-1: Foul Ball, location: 2F 2-2: Ball 3-2: Fly out, F8 (Flyball, 8RM, EV 91.3 MPH)
|
Top of the 9th over - 0 runs, 0 hits, 0 errors, 0 left on base; Niagara Falls 1 - Hamilton 5 |
|